 Dungeon Crawl Stone Soup version 0.28.0 (webtiles) character file.

Game seed: 4810371669734301477

170 cowsai the Conjurer (level 5, -2/29 HPs)
             Began as a Deep Elf Conjurer on Feb 13, 2022.
             Was a Believer of Zin.
             Shot with a bolt by a kobold brigand (5 damage)
             ... in a sewer.
             The game lasted 00:17:41 (2836 turns).

cowsai the Conjurer (Deep Elf Conjurer)             Turns: 2836, Time: 00:17:42

Health: -2/29      AC:  4    Str:  7    XL:     5   Next: 26%
Magic:  0/11       EV: 12    Int: 24    God:    Zin [**....]
Gold:   96         SH:  0    Dex: 14    Spells: 7/10 levels left

rFire   . . .      SeeInvis .   g - +0 whip
rCold   . . .      Faith    .   (no shield)
rNeg    . . .      Spirit   .   e - +0 leather armour
rPois   ∞          Reflect  .   (no helmet)
rElec   .          Harm     .   (no cloak)
rCorr   +          Rampage  .   (no gloves)
Will    .....                   k - +0 pair of boots
Stlth   +.........              (no amulet)
HPRegen 0.09/turn               h - ring of resist corrosion
MPRegen 0.12/turn               (no ring)

@: vitalised, very slow
A: no striking features
a: Renounce Religion, Recite, Vitalisation, Donate Gold


You were in a sewer.
You worshipped Zin.
Zin was pleased with you.
You visited 1 branch of the dungeon, and saw 3 of its levels.
You also visited: Sewer.

You collected 106 gold pieces.
You donated 10 gold pieces to Zin.

Inventory:

Hand Weapons
 g - a +0 whip (weapon)
Armour
 e - a +0 leather armour (worn)
 k - a +0 pair of boots (worn)
Jewellery
 h - a ring of resist corrosion (left hand)
Scrolls
 a - a scroll of noise {unknown}
 c - a scroll of magic mapping
Potions
 d - a potion of curing {unknown}
 f - 2 potions of heal wounds {unknown}
 i - a potion of mutation {unknown}


   Skills:
 + Level 1.4 Fighting
 + Level 3.4 Dodging
 + Level 3.6 Stealth
 - Level 3.0 Spellcasting
 + Level 6.0 Conjurations


You had 7 spell levels left.
You knew the following spells:

 Your Spells              Type           Power      Damage    Failure   Level
a - Magic Dart            Conj           100%       1d8       1%          1
b - Searing Ray           Conj           64%        2d6       1%          2

Your spell library contained the following spells:

 Spells                   Type           Power      Damage    Failure   Level
 Dazzling Flash           Conj/Hex       36%        N/A       14%         3
 Fulminant Prism          Conj/Hex       9%         3d7       43%         4
 Iskenderun's Mystic Bla  Conj/Tloc      18%        2d6       43%         4


Dungeon Overview and Level Annotations

Branches:
Dungeon (3/15)              Sewer (1/1)

Altars:
Zin


Message History

The searing ray hits the kobold.
You kill the kobold!
You hear a splash. (Press . to maintain the ray.)
You start resting.
A kobold brigand comes into view. It is wielding a +0 short sword.
Casting: Searing Ray (safe; 1% risk of failure)
Confirm with . or Enter, or press ? or * to list all spells.
Aiming: Searing Ray (safe; 1% risk of failure)
Press: ? - help, Shift-Dir - straight line, f - kobold brigand
Aim: a kobold brigand, wielding a +0 short sword and quivering bolts (wandering, hasn't noticed you, 76% to hit)
The searing ray hits the kobold brigand.
The kobold brigand is lightly wounded.
The kobold brigand shouts! (Press . to maintain the ray.)
The kobold brigand unwields a +0 short sword.
The kobold brigand wields a +0 hand crossbow.
The kobold brigand shoots a bolt.
The bolt hits you.
The searing ray hits the kobold brigand!
The kobold brigand is moderately wounded.
Things that are here:
a +0 dagger; 4 poisoned darts; a kobold corpse The kobold brigand shoots a bolt.
The bolt misses you.
Casting: Searing Ray (safe; 1% risk of failure)
Confirm with . or Enter, or press ? or * to list all spells.
You don't have enough magic to cast this spell.
Unknown command.
You enter the shallow water.
Moving in this stuff is going to be slow.
The kobold brigand shoots a bolt.
The bolt hits you!
* * * LOW HITPOINT WARNING * * *
Casting: Searing Ray (safe; 1% risk of failure)
Confirm with . or Enter, or press ? or * to list all spells.
Aiming: Magic Dart (safe; 1% risk of failure)
Press: ? - help, Shift-Dir - straight line, f/p - kobold brigand
Aim: a kobold brigand, wielding a +0 hand crossbow and quivering bolts (moderately wounded, 100% to hit)
The magic dart hits the kobold brigand!
The kobold brigand is severely wounded.
The kobold brigand shoots a bolt.
The bolt hits you.
You die...

#####****
########
#.#!#,*,*
#.#.#.#.
#≈#≈#≈*≈#
#≈#≈#≈#≈
#≈#≈#≈*≈#
#≈#≈#≈#≈
#≈#@#≈#≈*
#≈#≈#†#≈
#≈..#≈≈≈*
#≈≈.#≈≈≈
##≈###≈#*
##≈###≈#
#)# #≈#
#.# #≈#
#K###.#
#≈###≈#
#≈.≈)≈#
#≈≈≈≈≈#
##.≈.##
##≈≈≈##
#...#
#≈≈≈#
#.≈.#
#.≈≈#


You could see a kobold brigand.

Vanquished Creatures
  A kobold brigand (Sewer)
  2 adders
  A worm (D:2)
  A dart slug (D:3)
  An orc (D:3)
  3 bats (D:2)
  8 endoplasms
  7 giant cockroaches
  4 goblins
  13 hobgoblins
  2 jackals (D:1)
  6 kobolds
  6 quokkas
  5 ball pythons
  3 frilled lizards
  3 rats
66 creatures vanquished.

Vanquished Creatures (others)
  10 toadstools (D:3)
10 creatures vanquished.

Grand Total: 76 creatures vanquished

Notes
Turn   | Place    | Note
-------+----------+-------------------------------------------
     0 | D:1      | cowsai the Deep Elf Conjurer began the quest for the Orb.
     0 | D:1      | Reached XP level 1. HP: 10/10 MP: 6/6
   366 | D:1      | Reached XP level 2. HP: 15/15 MP: 5/8
   413 | D:1      | Found a faded altar of an unknown god.
   430 | D:1      | Reached skill level 5 in Conjurations
   441 | D:1      | Prayed at the altar of an unknown god.
   441 | D:1      | Became a worshipper of Zin the Law-Giver
   441 | D:1      | Reached * piety under Zin
   754 | D:1      | Reached XP level 3. HP: 19/19 MP: 6/9
   809 | D:1      | Learned a level 2 spell: Searing Ray
  1524 | D:2      | Reached ** piety under Zin
  2158 | D:2      | Reached XP level 4. HP: 24/24 MP: 8/10
  2569 | D:3      | Found a glowing drain.
  2573 | Sewer    | Entered a sewer
  2690 | Sewer    | Reached skill level 1 in Fighting
  2771 | Sewer    | Noticed a kobold brigand
  2789 | Sewer    | Killed a kobold brigand
  2790 | Sewer    | Reached skill level 6 in Conjurations
  2790 | Sewer    | Reached XP level 5. HP: 13/29 MP: 0/11
  2836 | Sewer    | Shot with a bolt by a kobold brigand

Illustrated notes

Levels and vault maps discovered:
D:1:      lightli_iron_boxes, layout_basic,
          shapermc_ecumenical_altar_mp_vishouse
D:2:      layout_rooms
D:3:      layout_loops_ring, tgw_fedhas, gammafunk_temple_overflow_wave,
          gup_sewer_entry_bowl, grunt_decor_fettered
Sewer:    sewer_co_tree

Skill      XL: |  1  2  3  4 |
---------------+-------------+-----
Conjurations   | 5 6 |  6.0
Stealth        | 3 |  3.6
Dodging        | 3 |  3.4
Fighting       | 1 |  1.4
Spellcasting   | |  3.0

Action                   |  1- 3 |  4- 6 || total
-------------------------+-------+-------++-------
Melee: Whip              |     2 |    18 ||    20
 Cast: Magic Dart        |    86 |    43 ||   129
       Searing Ray       |     2 |     3 ||     5
Invok: Recite            |       |     1 ||     1
       Vitalisation      |       |     1 ||     1
  Use: Scroll            |     1 |     4 ||     5
Armor: Leather armour    |       |     4 ||     4
Dodge: Dodged            |     3 |    15 ||    18
